 Dungeon Crawl Stone Soup version 0.31-a0-1570-g93c622d222 (webtiles) character file.

Game seed: 5162802980910653494

2143 grandjackal the Trooper (level 9, -8/79 HPs)
             Began as a Ghoul Monk on Jan 3, 2024.
             Was a Believer of Kikubaaqudgha.
             Killed from afar by Maggie (18 damage)
             ... with a bolt of fire
             ... on level 7 of the Dungeon.
             The game lasted 00:07:15 (5151 turns).

grandjackal the Trooper (Ghoul Monk)                Turns: 5151, Time: 00:07:15

Health: -8/79      AC:  7    Str: 21    XL:     9   Next: 30%
Magic:  9/9        EV: 12    Int: 13    God:    Kikubaaqudgha [**....]
Gold:   42         SH:  0    Dex: 11    Spells: 5/8 levels left

rFire   . .          .
                       - Unarmed
rCold   + . .        c - orb {light}
rNeg    + + +        d - +0 ring mail
rPois   ∞            e - +0 helmet
rElec   .            (no cloak)
rCorr   .            (no gloves)
SInv    .            l - +0 pair of boots
Will    .....        (no amulet) Stlth
                     h - +6 ring of strength
HPRegen 0.00/turn    i - ring of wizardry
MPRegen 0.11/turn

%: wizardry (x1)
@: inhibited regen, glowing
A: claws 1, cold resistance 1, negative energy resistance 3, inhibited
regeneration, torment resistance 2, devour on kill
a: Renounce Religion, Unearth Wretches


You were on level 7 of the Dungeon.
You worshipped Kikubaaqudgha.
Kikubaaqudgha was pleased with you.
You visited 2 branches of the dungeon, and saw 8 of its levels.

You collected 410 gold pieces.
You spent 368 gold pieces at shops.

Inventory:

Armour
 c - an orb of light (worn)
 d - a +0 ring mail (worn)
 e - a +0 helmet (worn)
 l - a +0 pair of boots (worn)
 A - a +1 leather armour of cold resistance
Jewellery
 h - a +6 ring of strength (left claw)
 i - a ring of wizardry (right claw)
 y - a +6 ring of dexterity
 D - an amulet of reflection
 E - an amulet of the acrobat
Wands
 w - a wand of flame (22)
 B - a wand of light (9)
Scrolls
 f - 2 scrolls of immolation
 g - 2 scrolls of fear
 k - 2 scrolls of amnesia
 m - a scroll of revelation
 s - 2 scrolls of teleportation
 t - 5 scrolls of identify {unknown}
 u - 2 scrolls of enchant armour {unknown}
 v - a scroll of fog
 F - a scroll of blinking {unknown}
 G - a scroll of brand weapon {unknown}
Potions
 a - 3 potions of brilliance
 b - 2 potions of ambrosia
 j - 2 potions of resistance {unknown}
 n - 2 potions of attraction {unknown}
 o - a potion of mutation {unknown}
 p - 6 potions of curing
 q - 3 potions of lignification {unknown}
 r - 2 potions of magic {unknown}
 x - 2 potions of might
 z - 2 potions of enlightenment
 C - a potion of heal wounds


   Skills:
 + Level 7.6 Fighting
 + Level 2.8 Armour
 - Level 5.4 Dodging
 + Level 7.5 Unarmed Combat
 + Level 5.1 Necromancy


You had 5 spell levels left.
You knew the following spells:

 Your Spells              Type           Power      Damage    Failure   Level
a - Fugue of the Fallen   Necr           13%        N/A       8%          3

Your spell library contained the following spells:

 Spells                   Type           Power      Damage    Failure   Level
 Kiss of Death            Conj/Necr      24%        2d7       7%          1
 Vampiric Draining        Necr           13%        2d6       8%          3
 Cigotuvi's Dreadful Rot  Necr/Alch/Air  8%         N/A       16%         2
 Freeze                   Ice            0%         1d3       21%         1
 Animate Dead             Necr           13%        N/A       24%         4
 Ensorcelled Hibernation  Hex/Ice        0%         N/A       28%         2
 Frozen Ramparts          Ice            0%         1d1       50%         3
 Hailstorm                Conj/Ice       0%         3d5       50%         3
 Anguish                  Hex/Necr       3%         N/A       52%         4


Dungeon Overview and Level Annotations

Branches:
Dungeon (7/15)             Temple (1/1) D:5

Altars:
Ashenzari
Cheibriados
Dithmenos
Fedhas
Gozag
Hepliaklqana
Kikubaaqudgha
Nemelex Xobeh
Qazlal
Ru
Trog
Wu Jian
Xom
Yredelemnul

Shops:
D:4 =   D:6 !?::=

Annotations:
D:2 exclusion: door
D:3 3 runed translucent doors, grandjackal's ghost, weakling DsNe
D:7 Maggie


Innate Abilities, Weirdness & Mutations

You are immune to poison.
You have sharp fingernails.
Your flesh is cold resistant. (rC+)
You are immune to negative energy. (rN+++)
You do not regenerate when monsters are visible.
You are immune to unholy pain and torment.
You thrive by killing the living.


Message History

You claw Maggie!
Maggie is heavily wounded.
Maggie closely misses you.
You scratch Maggie.
Maggie is heavily wounded.
You barely miss Maggie.
Maggie is heavily wounded.
Maggie closely misses you.
You barely miss Maggie.
Maggie is heavily wounded.
Maggie barely misses you.
You scratch Maggie.
Maggie is heavily wounded.
Maggie closely misses you.
You scratch Maggie but do no damage.
Maggie is heavily wounded.
Maggie mumbles some strange words.
Maggie attempts to bespell you! You resist with some effort.
You barely miss Maggie.
Maggie is heavily wounded.
Maggie says, "Leave now, and tell all of Margery's mercy!"
Maggie hits you with a +2 halberd of flaming!
Maggie burns you.
You completely miss Maggie.
Maggie is heavily wounded.
Maggie gestures wildly while chanting.
Maggie attempts to bespell you! You resist with some effort.
You scratch Maggie.
Maggie is severely wounded.
You scratch Maggie but do no damage.
Maggie is severely wounded.
Maggie gestures at you while chanting. The bolt of fire hits you!!
* * * LOW HITPOINT WARNING * * *
You scratch Maggie.
Maggie is severely wounded.
Maggie points at you and mumbles some strange words.
The bolt of fire hits you!!
You die...
Kikubaaqudgha rasps: "You have failed me!
Welcome... oblivion!"

#.# #.# #.# #... #.# #.
#..# # #.# #.# #..# #
#.# #.# #..# #
#.########.# #..# #
#.@......#.# #..# #
#..#@...#...# #..# #
#..##....##..###..# #
#..#......#.......# #
...##..^.†.##.###.#####
##.@#........#......)...
#..#........#.###.#####
...##......##..........
#......#...##.#####
##....##....#.#####


You could see Maggie.

Vanquished Creatures
  A hornet (D:4)
  Grinder (D:6)
  Eustachio (D:4)
  Edmund (D:5)
  Duvessa (D:5)
  A sky beast (D:6)
  3 ogres
  A black bear (D:6)
  3 phantoms
  A gnoll sergeant (D:6)
  Dowan (D:5)
  2 howler monkeys
  4 bombardier beetles
  A hound (D:5)
  2 orc priests
  A gnoll bouda (D:7)
  An iguana (D:5)
  An orc wizard (D:6)
  8 gnolls
  9 adders
  3 white imps
  2 ufetubi (D:6)
  A dart slug (D:3)
  11 orcs
  5 bats
  7 endoplasms
  2 giant cockroaches
  6 goblins
  3 hobgoblins
  3 jackals (D:4)
  4 quokkas
  13 ball pythons
  3 frilled lizards
  8 kobolds
  4 rats
119 creatures vanquished.

Notes
Turn   | Place    | Note
-------+----------+-------------------------------------------
     0 | D:1      | grandjackal the Ghoul Monk began the quest for the Orb.
     0 | D:1      | Reached XP level 1. HP: 19/19 MP: 1/1
   244 | D:1      | Reached XP level 2. HP: 26/26 MP: 2/2
   356 | D:1      | Reached XP level 3. HP: 33/33 MP: 3/3
   483 | D:1      | Found a faded altar of an unknown god.
  1386 | D:3      | Reached XP level 4. HP: 40/40 MP: 4/4
  1448 | D:3      | Found a broken altar of Ashenzari.
  1503 | D:3      | Found a runed translucent gate.
  1514 | D:3      | Found a runed translucent gate.
  1515 | D:3      | Noticed grandjackal's ghost (weakling DsNe)
  1516 | D:3      | Found a runed translucent gate.
  1613 | D:3      | Reached XP level 5. HP: 15/47 MP: 5/5
  1821 | D:3      | Identified the +7 hand axe of Noryov {flame, rCorr Str+2}
  2138 | D:4      | Learned a level 3 spell: Fugue of the Fallen
  2178 | D:4      | Noticed Eustachio
  2337 | D:4      | Killed Eustachio
  2338 | D:4      | Reached skill level 5 in Fighting
  2338 | D:4      | Reached skill level 5 in Unarmed Combat
  2338 | D:4      | Reached skill level 1 in Necromancy
  2338 | D:4      | Reached XP level 6. HP: 34/56 MP: 6/6
  2477 | D:4      | Found an ornate altar of the Wu Jian Council.
  2531 | D:4      | Found Ottei's Jewellery Shoppe.
  2545 | D:4      | Noticed a hornet
  2556 | D:4      | Killed a hornet
  2557 | D:4      | Reached XP level 7. HP: 57/61 MP: 7/7
  2624 | D:4      | Found a sacrificial altar of Ru.
  3004 | D:5      | Entered Level 5 of the Dungeon
  3073 | D:5      | Noticed Edmund
  3088 | D:5      | Reached XP level 8. HP: 48/70 MP: 4/8
  3111 | D:5      | Killed Edmund
  3112 | D:5      | Reached skill level 5 in Dodging
  3294 | D:5      | Found a snail-covered altar of Cheibriados.
  3343 | D:5      | Noticed Duvessa
  3343 | D:5      | Noticed Dowan
  3356 | D:5      | Killed Duvessa
  3365 | D:5      | Killed Dowan
  3695 | D:5      | Found a staircase to the Ecumenical Temple.
  3708 | Temple   | Entered the Ecumenical Temple
  3738 | Temple   | Became a worshipper of Kikubaaqudgha
  3738 | Temple   | Reached * piety under Kikubaaqudgha
  3738 | Temple   | Received a gift from Kikubaaqudgha
  3738 | Temple   | Reached ** piety under Kikubaaqudgha
  4212 | D:6      | Found Edilag's Book Shoppe.
  4213 | D:6      | Found Ostroc Qa Edu's Jewellery Emporium.
  4226 | D:6      | Reached skill level 1 in Armour
  4408 | D:6      | Found Kaquh's Book Shop.
  4412 | D:6      | Found Oloxuk's Distillery.
  4420 | D:6      | Noticed Grinder
  4435 | D:6      | Killed Grinder
  4436 | D:6      | Reached XP level 9. HP: 65/79 MP: 9/9
  4454 | D:6      | Bought a potion of degeneration for 14 gold pieces
  4454 | D:6      | Bought a potion of heal wounds for 70 gold pieces
  4454 | D:6      | Bought a potion of curing for 42 gold pieces
  4454 | D:6      | Bought a potion of enlightenment for 70 gold pieces
  4454 | D:6      | Bought a potion of brilliance for 56 gold pieces
  4454 | D:6      | Bought a potion of might for 56 gold pieces
  4721 | D:6      | Found a basalt altar of Yredelemnul.
  4732 | D:6      | Reached skill level 5 in Necromancy
  4764 | D:6      | Identified the +1 war axe of Fuytakal {spect, Dex+2}
  4946 | D:6      | Found Ynuk's Magic Scroll Shop.
  4953 | D:6      | Bought a scroll of immolation for 60 gold pieces
  5132 | D:7      | Noticed Maggie
  5151 | D:7      | Killed from afar by Maggie

Illustrated notes

Levels and vault maps discovered:
D:1:      dpeg_arrival_line_fractal, layout_basic,
          dreamdust_ecumenical_altar_hidden_monk_grotto, corexii_hall_statues_l,
          minmay_misc_feat_room, chequers_serial_rivers_large_b,
          minmay_nonomino_d4
D:2:      cheibrodos_fertilizer, layout_basic
D:3:      layout_basic, mainiacjoe_overflow_alcove_1, gammafunk_ghost_split,
          serial_park_tiny_1, minmay_joined_circles
D:4:      layout_basic, nicolae_wu_jian_immortal_techniques,
          mainiacjoe_overflow_tiny_flanked, minmay_shop_grid_forest,
          uniq_eustachio
D:5:      layout_loops_corners, mainiacjoe_overflow_small_starburst,
          minmay_temple_entry_slanted, uniq_edmund, uniq_duvessa
D:6:      layout_gridville, kennysheep_ying_yang, serial_shops,
          nicolae_shop_just_a_little_nook, shop, nicolae_diamond_shop, shop,
          nicolae_stop_n_shop_2, minmay_crystal_room, uniq_grinder
D:7:      layout_basic, minmay_misc_feat_iff, minmay_misc_feat_rugged,
          uniq_menkaure, uniq_maggie, uniq_prince_ribbit1
Temple:   jpeg_temple_alley_garden

Skill      XL: |  1  2  3  4  5  6  7  8  9 |
---------------+----------------------------+-----
Dodging        | 3 4 5 |  5.4
Fighting       | 4 5 6 7 |  7.6
Unarmed Combat | 4 5 6 7 |  7.5
Necromancy     | 1 2 3 4 5 |  5.1
Armour         | 2 |  2.8

Action                     |  1- 3 |  4- 6 |  7- 9 || total
---------------------------+-------+-------+-------++-------
  Melee: Unarmed           |    77 |   119 |   219 ||   415
   Cast: Fugue of the Fall |       |       |     1 ||     1
  Evoke: Wand              |       |     3 |     4 ||     7
    Use: Scroll            |       |       |     6 ||     6
 Armour: Ring mail         |    34 |    48 |   107 ||   189
         Robe              |     1 |       |       ||     1
  Dodge: Dodged            |    36 |    75 |   101 ||   212

Table legend: (Time is in decaauts)
 A = Elapsed time spent in this place.
 B = Non-inter-level travel time spent in this place.
 C = Inter-level travel time spent in this place.
 D = Time resting spent in this place.
 E = Time spent auto-exploring this place.
 F = Levels seen in this place.
 G = Mean time per level.
                   A        B        C        D        E       F      G
               +--------+--------+--------+--------+--------+-----+--------+
         Total |   5153 |   5037 |    116 |    696 |   3357 |   8 |  644.1 |
       Dungeon |   5094 |   5004 |     90 |    696 |   3357 |   7 |  727.7 |
        Temple |     59 |     33 |     26 |      0 |      0 |   1 |   59.0 |
               +--------+--------+--------+--------+--------+-----+--------+

Top non-repeatable levels by time:
     D:5: 1139 daAuts
     D:4: 959 daAuts
     D:1: 883 daAuts
     D:6: 801 daAuts
     D:3: 726 daAuts
     D:2: 464 daAuts
     D:7: 119 daAuts
  Temple: 59 daAuts
